 Dungeon Crawl Stone Soup version 0.29.0-4-gdea44cf6ec (webtiles) character file.

Game seed: 14393295463915974247

16 qw the Chopper (level 2, -5/17 HPs)
             Began as a Tengu Warper on Aug 28, 2022.
             Slain by a worm (8 damage)
             ... on level 2 of the Dungeon.
             The game lasted 00:00:05 (862 turns).

qw the Chopper (Tengu Warper)                        Turns: 862, Time: 00:00:05

Health: -5/17      AC:  6    Str: 11    XL:     2   Next: 58%
Magic:  6/6        EV:  7    Int: 13    God:
Gold:   43         SH:  7    Dex: 13    Spells: 5/5 levels left

rFire   . . .      SeeInvis .   Y - +0 hand axe
rCold   . . .      Faith    .   g - +0 kite shield
rNeg    . . .      Spirit   .   d - +0 scale mail
rPois   .          Reflect  .   (helmet restricted)
rElec   .          Harm     .   (no cloak)
rCorr   .          Rampage  .   (no gloves)
Will    .....                   (boots unavailable)
Stlth   ..........              (no amulet)
HPRegen 0.05/turn               (no ring)
MPRegen 0.10/turn               (no ring)

@: no status effects
A: beak, talons 3
a: no special abilities


You were on level 2 of the Dungeon.
You visited 1 branch of the dungeon, and saw 2 of its levels.

You collected 43 gold pieces.


Innate Abilities, Weirdness & Mutations

You have a beak for a mouth.
You have claws for feet.


   Skills:
 - Level 2.0 Fighting
 - Level 3.2 Axes
 - Level 1.0 Throwing
 - Level 1.1 Armour
 - Level 2.1 Dodging
 + Level 0.7 Shields
 - Level 2.0 Spellcasting
 - Level 2.4 Translocations


You had 5 spell levels left.
You didn't know any spells.
Your spell library contained the following spells:

 Spells                   Type           Power      Damage    Failure   Level
 Blink                    Tloc           14%        N/A       97%         2
 Gell's Gravitas          Tloc           7%         N/A       99%         3
 Lesser Beckoning         Tloc           7%         N/A       99%         3
 Teleport Other           Tloc           7%         N/A       99%         3
 Manifold Assault         Tloc           7%         N/A       100%        5

Inventory:

Hand Weapons
 i - a +0 club
 Y - a +0 hand axe (weapon)
Armour
 d - a +0 scale mail (worn)
 g - a +0 kite shield (worn)
Scrolls
 b - a scroll of immolation {unknown}
 c - a scroll of enchant armour {unknown}
 e - a scroll of noise {unknown}
Potions
 a - a potion of mutation {unknown}

Dungeon Overview and Level Annotations

Branches:
Dungeon (2/15)

Altars:


Message History

The bat hits you but does no damage.
You barely miss the bat. You claw the bat.
You kill the bat!
A hobgoblin comes into view.
You see here 12 gold pieces.
You barely miss the hobgoblin.
You claw the hobgoblin, but do no damage.
The hobgoblin hits you but does no damage.
The hobgoblin barely misses you.
You hit the hobgoblin. You claw the hobgoblin.
You kill the hobgoblin!
You now have 43 gold pieces (gained 12).
A worm comes into view.
You hit the worm. You claw the worm, but do no damage.
The worm is lightly wounded.
You block the worm's attack.
You barely miss the worm. You barely miss the worm. You claw the worm.
The worm is lightly wounded.
The worm barely misses you.
You barely miss the worm. The worm bites you!
You hit the worm but do no damage. You peck the worm.
The worm is moderately wounded.
You block the worm's attack.
You hit the worm. You claw the worm. Your peck misses the worm.
The worm is heavily wounded.
The worm bites you!
You hit the worm but do no damage.
The worm is heavily wounded.
The worm bites you but does no damage.
You hit the worm. You peck the worm.
The worm is severely wounded.
You barely miss the worm. Your kick misses the worm.
The worm is severely wounded.
The worm bites you but does no damage.
You hit the worm.
The worm is severely wounded.
The worm bites you!
You die...

#.# #.#.###. #.# #.#.#..
.# #.###.#... .# .
#.......# #.###'#
#.......# .......
###.......# .......
##.........# .......
#..#.###.#.####.......
#.##.# #.#.%..@w......
#.##.. ..#............
###.########.#######.###
.............. ..
...#########.# # .###
... .# ##. ## . #


You could see a worm.

Vanquished Creatures
  A dart slug (D:1)
  An endoplasm (D:1)
  2 giant cockroaches (D:1)
  A goblin (D:1)
  A hobgoblin (D:2)
  A kobold (D:2)
  3 bats
  3 frilled lizards
  A rat (D:1)
14 creatures vanquished.

Notes
Turn   | Place    | Note
-------+----------+-------------------------------------------
     0 | D:1      | qw the Tengu Warper began the quest for the Orb.
     0 | D:1      | Reached XP level 1. HP: 12/12 MP: 4/4
     0 | D:1      | 0 ||| qw: Version: 0.1-a-89-g26bdef1
     0 | D:1      | 0 ||| qw: Game counter: 804
     0 | D:1      | 0 ||| qw: Always use a shield: true
     0 | D:1      | 0 ||| qw: God list: Okawaru
     0 | D:1      | 0 ||| qw: Allow faded altars: false
     0 | D:1      | 0 ||| qw: Do Orc after D:15 true
     0 | D:1      | 0 ||| qw: Do second Lair branch before Depths: true
     0 | D:1      | 0 ||| qw: Lair rune preference: random
     0 | D:1      | 0 ||| qw: Plans: Normal
     0 | D:1      | 0 ||| PLANNING D:1-11
   558 | D:1      | Reached skill level 3 in Axes
   558 | D:1      | Reached XP level 2. HP: 16/17 MP: 6/6
   610 | D:1      | 610 ||| UPGRADING to +0 scale mail.
   620 | D:1      | 620 ||| DROPPING +0 leather armour.
   621 | D:1      | 621 ||| DROPPING +0 ring mail.
   622 | D:1      | 622 ||| UPGRADING to +0 kite shield.
   627 | D:1      | 627 ||| READING scroll labelled REFRAFYTEA.
   628 | D:1      | 628 ||| READING 2 scrolls labelled PAEF YBLUTOF.
   629 | D:1      | 629 ||| READING scroll labelled LEHIRE ZUHULA.
   630 | D:1      | 630 ||| DROPPING scroll of blinking.
   631 | D:1      | 631 ||| DROPPING scroll of magic mapping.
   858 | D:2      | HP: 3/17 [worm (7)]
   862 | D:2      | Slain by a worm

Levels and vault maps discovered:
D:1:      dpeg_arrival_arbitrary_b, layout_basic
D:2:      layout_basic, basic_altar, kennysheep_generic_room_14

Skill      XL: |  1 |
---------------+----+-----
Axes           | 3 |  3.2
Fighting       | |  2.0
Throwing       | |  1.0
Armour         | |  1.1
Dodging        | |  2.1
Shields        | |  0.7
Spellcasting   | |  2.0
Translocations | |  2.4

Action                   || total
-------------------------++-------
Melee: Hand axe          ||    38
       Kick              ||    10
       Peck              ||     6
Throw: Boomerang         ||     7
  Use: Scroll            ||     3
Armor: Leather armour    ||     9
       Scale mail        ||     5
Dodge: Dodged            ||    18
Block: Kite shield       ||     3

Table legend:
 A = Non-vault XP
 B = Vault XP
 C = Vault XP percentage of total XP
 D = Non-vault monster count
 E = Vault monster count
 F = Vault count percentage of total count
                 A         B        C        D         E       F
            +---------+---------+-------+---------+---------+-------
      Total |      24 |       0 |   0.0 |      14 |       0 |   0.0
            +---------+---------+-------+---------+---------+-------
        D:1 |      17 |       0 |   0.0 |      10 |       0 |   0.0
        D:2 |       7 |       0 |   0.0 |       4 |       0 |   0.0
            +---------+---------+-------+---------+---------+-------
